Cogmind - Beta 16 @@@ ROGUE MODE // 2026.01.14 @ 22:28:24 Player: BottomOfTheSwamp Result: Destroyed by P-70 Sage via exploding Neutrino Reactor Performance ------------- Evolutions (5) 2500 Regions Visited (7) 1400 Robots Destroyed (74) 370 Value Destroyed (2012) 2012 Prototype IDs (4) 80 Alien Tech Used (0) 0 Bonus (0) 0 TOTAL SCORE: 6362 Bonus ------- None Cogmind --------- Core Integrity 0/1000 Matter 263/300 Energy 99/100 System Corruption 7% Temperature Cool (0) Movement Core (50) Location -5/Factory Parts ------- > --- POWER (2) -------- (None) > --- PROPULSION (4) --- (None) > --- UTILITY (9) ------ Improved Target Analyzer Core Analyzer Core Analyzer Core Analyzer > --- WEAPON (2) ------- (None) > --- INVENTORY (5) ---- Tesla Rifle Heavy Proton Cannon Heavy Plasma Cannon Peak State ------------ > --- POWER ------------ Micro Fission Core > --- PROPULSION ------- Gravmag System Gravmag System Antigrav System > --- UTILITY ---------- Improved Heat Sink Improved Heat Sink Improved Target Analyzer Core Analyzer Core Analyzer Core Analyzer Core Analyzer > --- WEAPON ----------- Tesla Rifle Plasma Rifle > --- INVENTORY -------- Heavy Laser Heavy Plasma Cannon Katana [Rating: 59] Favorites ----------- Power Ion Engine Engine Ion Engine Power Core Fission Core Propulsion Aluminum Leg Leg Aluminum Leg Wheel Wheel Hover Unit Gravmag System Flight Unit VTOL Module Utility Core Analyzer Device IFF Parser Storage Small Storage Unit Processor Core Analyzer Protection Improved Light Armor Plating Weapon Katana Energy Gun Heavy Laser Energy Cannon Heavy Proton Cannon Ballistic Gun Assault Rifle Ballistic Cannon Magnetic Acceleration Cannon Launcher Grenade Launcher Slashing Weapon Katana Build | -11 -10 -9 -9 -8 -7 -6 -5 ------- Run | Yrd Mat Mat Min Mat Fac Fac Fac Slots Evolved 10 | . . 2 . 2 2 2 2 Power 1 | . . . . . . . 1 Propulsion 2 | . . . . 2 . . . Utility 7 | . . 2 . . 2 2 1 Weapon . | . . . . . . . . Parts Attached 71 | 6 2 17 4 4 4 24 10 Power 10 | 1 . 3 . . 1 3 2 Engine 7 | 1 . 3 . . 1 1 1 Core 3 | . . . . . . 2 1 Reactor . | . . . . . . . . Propulsion 16 | 2 . 3 1 4 1 4 1 Treads . | . . . . . . . . Leg 7 | 2 . 3 1 . . 1 . Wheel 1 | . . . . . . 1 . Hover 3 | . . . . . . 2 1 Flight 5 | . . . . 4 1 . . Utility 22 | 1 1 5 1 . . 11 3 Device 12 | . 1 3 . . . 6 2 Storage 1 | 1 . . . . . . . Processor 8 | . . 2 . . . 5 1 Hackware . | . . . . . . . . Protection 1 | . . . 1 . . . . Artifact . | . . . . . . . . Weapon 23 | 2 1 6 2 . 2 6 4 Energy Gun 7 | . . 2 . . . 3 2 Energy Cannon 2 | . . . . . . . 2 Ballistic Gun 8 | 2 . 4 1 . . 1 . Ballistic Cannon 2 | . . . . . 1 1 . Launcher 3 | . 1 . 1 . 1 . . Special Weapon . | . . . . . . . . Impact Weapon . | . . . . . . . . Slashing Weapon 1 | . . . . . . 1 . Piercing Weapon . | . . . . . . . . Special Melee Weapon . | . . . . . . . . Unidentified Prototypes 4 | . . 2 . . . 1 1 Parts Lost 48 | . . 11 1 . 12 11 13 Power 7 | . . 1 . . 2 2 2 Propulsion 13 | . . 2 1 . 5 2 3 Utility 16 | . . 3 . . 4 5 4 Weapon 12 | . . 5 . . 1 2 4 Highest Loss Streak 10 | . . 8 1 . 10 7 5 To Critical Strikes . | . . . . . . . . Average Backups 3 | . . 3 7 5 4 3 3 Power . | . . . . . . . . Propulsion . | . . . 3 . . . . Utility . | . . 1 1 1 . . . Weapon 2 | . . 1 2 3 3 2 2 Tool/Special . | . . . . . . . . Unused Backups 1 | . . . . . . 1 . Power . | . . . . . . . . Propulsion . | . . . . . . . . Utility . | . . . . . . . . Weapon 1 | . . . . . . 1 . Tool/Special . | . . . . . . . . Average Slot Usage (%) 69 | . 85 84 78 80 53 58 53 Engine 5 | . 14 10 11 9 6 . . Core 1 | . . . . . . 3 1 Leg 9 | . 28 20 11 4 . 1 . Hover 1 | . . . . . . . 8 Flight 1 | . . . . 27 19 . . Device 9 | . . 10 11 9 8 10 7 Storage 5 | . 14 11 11 9 4 . . Processor 17 | . . 13 11 9 5 25 24 Energy Gun 2 | . . 1 . . . 5 5 Ballistic Gun 8 | . 23 16 18 11 5 . . Slashing Weapon 1 | . . . . . . 4 3 Peak Build Rating 59 | 6 7 14 16 19 21 49 59 Average Rating 21 | 4 6 10 12 15 13 35 38 On Entrance 11 | . 6 7 11 16 15 . 37 Avg Prop Armor Cover (%) . | . . . . . . . . Naked Turns 30 | . . . . . 12 18 . Heaviest Build 24 | 14 15 19 21 21 20 24 24 Greatest Support 29 | 20 20 26 20 20 22 18 29 Greatest Overweight (x) 7 | . . 4 2 1 3 7 2 Average Overweight (x) . | . . . 1 . . . . Largest Inventory Capacity 8 | 8 8 8 8 8 8 5 5 Average Capacity 6 | 7 8 8 8 8 6 5 5 Most Carried 8 | 5 2 6 8 7 8 5 5 Average Carried 3 | . . 3 7 5 4 3 3 Final Capacity 8 | 8 8 8 8 8 5 5 5 Final Carried 7 | . 2 5 7 6 2 1 3 Class Distribution -------------------- 64% | Mutant 30% | Scavenger-Mutant 5% | Scavenger-Sprinter Dominant Class ---------------- Mutant | -10/Materials Mutant | -9/Materials Scavenger-Mutant | -9/Mines Scavenger-Sprinter | -8/Materials Scavenger-Sprinter | -7/Factory Mutant | -6/Factory Scavenger-Mutant | -5/Factory Resources | -11 -10 -9 -9 -8 -7 -6 -5 ----------- Run | Yrd Mat Mat Min Mat Fac Fac Fac Matter Collected 1872 | 246 64 745 176 55 . 422 164 Remotely 488 | . . 488 . . . . . Salvage Created 2513 | . 64 1168 204 . 67 401 609 Parts 164 | . 5 81 8 . 8 22 40 Haulers Intercepted 2 | . . 2 . . . . . Recyclers Shooed 5 | . . 2 2 . . . 1 Parts Field Recycled . | . . . . . . . . Retrieved Matter . | . . . . . . . . Parts Self-Destructed . | . . . . . . . . Prevented . | . . . . . . . . Parts Restored . | . . . . . . . . Kills | -11 -10 -9 -9 -8 -7 -6 -5 ------- Run | Yrd Mat Mat Min Mat Fac Fac Fac Combat Hostiles Destroyed 65 | . 1 26 15 . 5 8 10 Melee 4 | . . . . . . 2 2 Guns 34 | . 1 19 2 . . 4 8 Cannons 1 | . . . . . . 1 . AOE 25 | . . 7 13 . 5 . . Classes Destroyed 13 | . 2 7 1 . 1 1 1 Worker 6 | . . 1 . . . 1 4 Builder 3 | . . 1 . . . 1 1 Hauler 2 | . . 2 . . . . . Recycler 5 | . . 2 2 . . . 1 Watcher 5 | . 1 4 . . . . . Swarmer 16 | . . 7 2 . . 2 5 Cutter 3 | . . . . . 3 . . Grunt 24 | . 1 15 1 . 2 4 1 Brawler 2 | . . 2 . . . . . Sentry 2 | . . 2 . . . . . Specialist 1 | . . . . . . . 1 Programmer 5 | . . . . . . 2 3 Assembled 13 | . . . 13 . . . . Best Kill Streak 8 | . 1 5 8 . 5 2 6 Combat Bots Only 8 | . 1 4 8 . 5 2 5 Max Kills in Single Turn 3 | . 1 3 3 . 2 2 2 Gunslinging 1 | . . . . . . . 1 Exploded 3 | . . 3 3 . 2 . . Melee 1 | . . . . . . 1 1 Uniques/NPCs Destroyed . | . . . . . . . . Combat | -11 -10 -9 -9 -8 -7 -6 -5 -------- Run | Yrd Mat Mat Min Mat Fac Fac Fac Hostile Shots Fired 528 | . 20 143 28 9 111 112 105 Missed 165 | . 3 43 6 6 55 31 21 Hits 363 | . 17 100 22 3 56 81 84 Melee 9 | . . 2 . . 7 . . Projectile 354 | . 17 98 22 3 49 81 84 AOE 7 | . . . . . 3 1 3 Critical Strikes 16 | . . 1 . 2 3 3 7 Damage Taken 6006 | . 197 1269 246 48 1072 1351 1823 Core 2468 | . 42 307 56 . 669 389 1005 Absorbed by Shields 95 | . . . . . . 95 . Core Remaining (%) 58 | 100 83 . 9 100 4 54 . Volleys Fired 170 | . 6 73 20 . 7 39 25 Largest 2 | . 2 2 2 . 1 2 2 Hottest 144 | . 40 121 43 . 40 138 144 Shots Fired 262 | . 11 117 25 . 7 57 45 Gun 223 | . 10 105 16 . . 47 45 Cannon 13 | . . . . . 3 10 . Launcher 26 | . 1 12 9 . 4 . . Special . | . . . . . . . . Kinetic 151 | . 10 100 16 . 3 22 . Thermal 70 | . . 5 . . . 22 43 Explosive 26 | . 1 12 9 . 4 . . Electromagnetic 15 | . . . . . . 13 2 Robot Hit Streak 19 | . 8 19 6 . 2 7 8 Robot Miss Streak 4 | . 1 3 3 . 1 3 4 Penetration Max . | . . . . . . . . Secondary Targets 4 | . . 1 . . . . 3 Max Gunslinging Chain 1 | . . 1 . . . . 1 Shots Hit Robots 204 | . 10 83 12 . 4 50 45 Core Hits 156 | . 3 66 29 . 14 20 24 Critical Kills 1 | . . 1 . . . . . Critical Parts Destroyed 1 | . . 1 . . . . . Critical Strikes 9 | . . 2 . . . 1 6 Burn 3 | . . . . . . . 3 Destroy 2 | . . 2 . . . . . Sever 4 | . . . . . . 1 3 Melee Attacks 41 | . . . . . . 17 24 Impact . | . . . . . . . . Slashing 41 | . . . . . . 17 24 Piercing . | . . . . . . . . Sneak Attacks 7 | . . . . . . 4 3 Combat Hostiles . | . . . . . . . . Follow-up Attacks . | . . . . . . . . Damage Inflicted 6433 | . 155 1914 935 . 782 1367 1280 Guns 2519 | . 107 1182 90 . . 543 597 Cannons 287 | . . . . . 55 232 . Explosions 2352 | . 48 732 845 . 727 . . Melee 1270 | . . . . . . 592 678 Ramming 5 | . . . . . . . 5 Kinetic 1714 | . 107 1101 90 . 55 361 . Thermal 1201 | . . 81 . . 353 212 555 Explosive 1996 | . 48 732 845 . 371 . . Electromagnetic 247 | . . . . . 3 202 42 Impact . | . . . . . . . . Slashing 1270 | . . . . . . 592 678 Piercing . | . . . . . . . . Highest Corruption 7 | . . 7 7 . 5 4 6 Average Corruption 4 | . . 5 7 . 5 3 1 Corruption Purged . | . . . . . . . . Corruption Blocked . | . . . . . . . . Effects 34 | . . 9 11 . 2 6 6 Message Errors 9 | . . 2 3 . . 2 2 Matter Fused 6 | . . 3 2 . . 1 . Heat Flow Errors 4 | . . 2 . . . 2 . Energy Discharges 5 | . . . 4 . . . 1 Parts Rejected 1 | . . . . . . . 1 Data Loss (minor) 6 | . . 2 1 . 2 . 1 Data Loss (major) 1 | . . . . . . 1 . Alerts 2 | . . . 1 . . . 1 Overload Shots . | . . . . . . . . Overflow Damage 107 | . . 8 13 . 80 1 5 Projectiles . | . . . . . . . . Explosions 101 | . . 8 13 . 80 . . Melee 6 | . . . . . . 1 5 Knockbacks 4 | . . . . . 1 3 . Impact . | . . . . . . . . Kinetic 4 | . . . . . 1 3 . Secondary . | . . . . . . . . Self-Inflicted Damage 280 | . . 77 45 . 156 . 2 Shots 11 | . . 4 2 . 5 . . Rammed 2 | . . . . . . . 2 Targets Rammed 2 | . . . . . . . 2 Kicked . | . . . . . . . . Crushed . | . . . . . . . . Highest Temperature 322 | . . 279 3 12 7 322 174 Average Temperature 114 | . . 75 3 12 7 164 62 Received Heat Transfer 1184 | . 111 504 20 27 69 444 9 Effects 1 | . . . . . . 1 . Energy Bleed 1 | . . . . . . 1 . Siege Activations . | . . . . . . . . Martial Activations . | . . . . . . . . Shielding Activations . | . . . . . . . . Robots Disrupted . | . . . . . . . . Combat Hostiles . | . . . . . . . . Robots Corrupted . | . . . . . . . . Combat Hostiles . | . . . . . . . . Parts Fried . | . . . . . . . . Impact Corruptions . | . . . . . . . . Robots Melted 1 | . . . . . . 1 . Combat Hostiles 1 | . . . . . . 1 . Parts Melted 10 | . . . . . . 4 6 Heat Transferred 2058 | . . 122 . . 200 333 1403 Parts Sabotaged . | . . . . . . . . Parts Stolen . | . . . . . . . . Parts Stripped . | . . . . . . . . Power Chain Reactions 1 | . . . . . 1 . . Alert | -11 -10 -9 -9 -8 -7 -6 -5 ------- Run | Yrd Mat Mat Min Mat Fac Fac Fac Maximum Alert Level 1 | . . 1 . . . . . Low Security (%) 81 | 100 100 34 100 100 100 100 100 Level 1 18 | . . 65 . . . . . Level 2 . | . . . . . . . . Level 3 . | . . . . . . . . Level 4 . | . . . . . . . . Level 5 . | . . . . . . . . High Security . | . . . . . . . . Max Security . | . . . . . . . . Peak Influence 358 | . 30 358 147 14 146 56 125 Initial 117 | . . 8 117 . . 56 7 Average 83 | . 3 235 67 1 42 11 40 Influence Increases 1748 | . 44 809 87 22 268 216 302 Destroy 0b10 Robot/C 1040 | . 20 520 40 . 100 160 200 Destroy 0b10 Robot/NC 115 | . 5 60 10 . . 10 30 Destroy Leader 234 | . 12 122 10 . 20 30 40 Successful Hack 30 | . . 8 . 22 . . . Disable Machine 105 | . . 45 . . 60 . . Destroy Structure 134 | . 7 54 27 . 43 1 2 Partial Spotted 15 | . . . . . 15 . . Lose Combat Pursuer 75 | . . . . . 30 15 30 Influence Decreases 1689 | . 24 528 388 22 152 315 260 Entered New Map 266 | . . 12 184 . . 60 10 Time Decay 1022 | . 24 406 154 22 40 226 150 Lost Part 361 | . . 110 10 . 112 29 100 Lost Ally 40 | . . . 40 . . . . Squads Dispatched 13 | . 1 3 . . 2 4 3 Investigation 3 | . 1 1 . . . 1 . Extermination 3 | . . . . . . 2 1 Reinforcement 6 | . . 2 . . 2 1 1 Assault . | . . . . . . . . Garrison 1 | . . . . . . . 1 Intercept . | . . . . . . . . Searches Triggered . | . . . . . . . . Construction Impeded 2 | . . 2 . . . . . Haulers Reinforced 1 | . . . . . . 1 . Active Scanning Responses . | . . . . . . . . Cargo Convoy Interrupts . | . . . . . . . . Stealth | -11 -10 -9 -9 -8 -7 -6 -5 --------- Run | Yrd Mat Mat Min Mat Fac Fac Fac Distress Signals 3 | . . 2 . . . . 1 Communications Jammed . | . . . . . . . . Distress Signals . | . . . . . . . . Times Spotted 108 | . 4 33 21 4 11 15 20 Peak Tracking Total 7 | . 3 6 7 6 7 5 6 Tactical Retreats 6 | . . . 1 . 2 1 2 Traps | -11 -10 -9 -9 -8 -7 -6 -5 ------- Run | Yrd Mat Mat Min Mat Fac Fac Fac Traps Triggered 6 | . 1 1 . 1 . 3 . Indirectly . | . . . . . . . . Trap Hack Attempts . | . . . . . . . . Triggered . | . . . . . . . . Disarmed . | . . . . . . . . Reprogrammed . | . . . . . . . . Reused . | . . . . . . . . Traps Extracted . | . . . . . . . . Installed . | . . . . . . . . Triggered . | . . . . . . . . Machines | -11 -10 -9 -9 -8 -7 -6 -5 ---------- Run | Yrd Mat Mat Min Mat Fac Fac Fac Machines Disabled 7 | . . 3 . . 4 . . Max in Single Turn 2 | . . 2 . . 2 . . Machines Repaired . | . . . . . . . . Machines Dismantled . | . . . . . . . . Machines Sabotaged . | . . . . . . . . Overloaded Fab Kills . | . . . . . . . . Hacking | -11 -10 -9 -9 -8 -7 -6 -5 --------- Run | Yrd Mat Mat Min Mat Fac Fac Fac Machines Accessed 11 | . . 4 . 3 2 1 1 Terminals 10 | . . 3 . 3 2 1 1 Fabricators . | . . . . . . . . Repair Stations . | . . . . . . . . Recycling Units . | . . . . . . . . Scanalyzers 1 | . . 1 . . . . . Garrison Access . | . . . . . . . . Total Hacks 19 | . . 7 . 6 3 1 2 Successful 4 | . . 2 . 2 . . . Failed 15 | . . 5 . 4 3 1 2 Catastrophic 5 | . . 1 . 2 . 1 1 Database Lockouts . | . . . . . . . . Manual 17 | . . 6 . 5 3 1 2 Terminals 18 | . . 6 . 6 3 1 2 Fabricators . | . . . . . . . . Repair Stations . | . . . . . . . . Recycling Units . | . . . . . . . . Scanalyzers 1 | . . 1 . . . . . Garrison Access . | . . . . . . . . Terminal Hacks 3 | . . 1 . 2 . . . Branch Access Points 2 | . . 1 . 1 . . . Terminal Index 1 | . . . . 1 . . . Fabricator Hacks . | . . . . . . . . Repair Station Hacks . | . . . . . . . . Recycling Unit Hacks . | . . . . . . . . Scanalyzer 1 | . . 1 . . . . . Retrieve Study 1 | . . 1 . . . . . Garrison Access Hacks . | . . . . . . . . Unauthorized Hacks . | . . . . . . . . Terminals . | . . . . . . . . Fabricators . | . . . . . . . . Repair Stations . | . . . . . . . . Recycling Units . | . . . . . . . . Scanalyzers . | . . . . . . . . Garrison Access . | . . . . . . . . Data Cores Recovered . | . . . . . . . . Used . | . . . . . . . . Hacking Detections 9 | . . 3 . 3 1 1 1 Full Trace Events 1 | . . 1 . . . . . Feedback Events . | . . . . . . . . Feedback Blocked . | . . . . . . . . Robot Schematics Acquired . | . . . . . . . . Robots Built . | . . . . . . . . Authchips . | . . . . . . . . Time . | . . . . . . . . Total Robot Build Rating . | . . . . . . . . Part Schematics Acquired . | . . . . . . . . Parts Built . | . . . . . . . . Authchips . | . . . . . . . . Time . | . . . . . . . . Total Part Build Rating . | . . . . . . . . Part Studies Acquired 1 | . . 1 . . . . . Parts Repaired . | . . . . . . . . Time . | . . . . . . . . Parts Recycled . | . . . . . . . . Recycled Matter . | . . . . . . . . Retrieved Matter . | . . . . . . . . Retrieved Components . | . . . . . . . . Parts Scanalyzed . | . . . . . . . . Part Schematics Acquired . | . . . . . . . . Parts Damaged . | . . . . . . . . Bothacking | -11 -10 -9 -9 -8 -7 -6 -5 ------------ Run | Yrd Mat Mat Min Mat Fac Fac Fac Used RIF Installer . | . . . . . . . . Robots Hacked . | . . . . . . . . Non-combat . | . . . . . . . . Combat . | . . . . . . . . Robot Hacks Applied . | . . . . . . . . Relay Couplers Released . | . . . . . . . . Fabnet Peak Effective % . | . . . . . . . . Robots Rewired . | . . . . . . . . Allies Hacked . | . . . . . . . . Hacks Repelled . | . . . . . . . . Allies | -11 -10 -9 -9 -8 -7 -6 -5 -------- Run | Yrd Mat Mat Min Mat Fac Fac Fac Total Allies 3 | . . . 3 . . . . Largest Group 3 | . . . 3 . . . . Highest-Rated Group 40 | . . . 40 . . . . Highest-Rated Ally 16 | . . . 16 . . . . Total Orders . | . . . . . . . . Ally Attacks 13 | . . . 13 . . . . Total Damage 102 | . . . 102 . . . . Kills 1 | . . . 1 . . . . Allies Corrupted . | . . . . . . . . Allies Melted . | . . . . . . . . Intel | -11 -10 -9 -9 -8 -7 -6 -5 ------- Run | Yrd Mat Mat Min Mat Fac Fac Fac Active Infowar (turns) 2618 | . . 944 364 117 123 1070 . Optics 1548 | . . 944 364 117 123 . . IFF 1070 | . . . . . . 1070 . Robot Analysis Total . | . . . . . . . . Derelict Logs Recovered 1 | . . . 1 . . . . Drone Launches . | . . . . . . . . Drone Recoveries . | . . . . . . . . Exploration | -11 -10 -9 -9 -8 -7 -6 -5 ------------- Run | Yrd Mat Mat Min Mat Fac Fac Fac Turns Passed 3779 | 170 218 1052 364 117 175 1151 532 Spaces Moved 2872 | 38 157 633 159 295 326 643 621 Core 405 | 19 . 19 . . 22 209 136 Treads . | . . . . . . . . Legs 1094 | 19 157 614 159 8 . 137 . Wheels 239 | . . . . . . 239 . Hover 543 | . . . . . . 58 485 Flight 591 | . . . . 287 304 . . Fastest Speed 28 | 50 120 100 120 28 28 50 50 Average Speed 86 | 85 120 121 194 32 39 93 56 Slowest Speed 400 | 120 120 250 260 190 275 400 150 Overloaded Moves . | . . . . . . . . Propulsion Burnouts . | . . . . . . . . Robots Hopped 3 | . . . . 1 2 . . Potential Cave-ins . | . . . . . . . . Cave-ins Triggered . | . . . . . . . . Exploration Rate (%) 18 | 4 23 40 30 23 6 11 13 Regions Visited 7 Branch Regions 1 Pre-discovered Areas 1 | . . . 1 . . . . Known Exits Taken 1 | . . 1 . . . . . Unknown Exits Taken 6 | 1 1 . 1 1 1 1 . Scrap Searched 1 | . . . 1 . . . . Spaces Dug . | . . . . . . . . Terrain Destroyed 154 | . 7 61 37 . 48 1 . Melee . | . . . . . . . . Projectile 1 | . . . . . . 1 . AOE 153 | . 7 61 37 . 48 . . Terrain Rammed . | . . . . . . . . Walls Destroyed . | . . . . . . . . Machines Disabled . | . . . . . . . . Actions | -11 -10 -9 -9 -8 -7 -6 -5 --------- Run | Yrd Mat Mat Min Mat Fac Fac Fac Total 3842 | 175 174 794 189 315 364 1114 717 Wait 577 | 127 6 35 . 9 18 364 18 Move 2859 | 37 156 632 158 292 321 642 621 Hop 3 | . . . . 1 2 . . Pick Up 66 | 5 3 19 5 2 4 19 9 Fast Attach 8 | 1 . . 1 . . 5 1 Attach 65 | 5 1 15 2 6 7 19 10 Detach 10 | . . 1 . 3 2 1 3 Swap 27 | . 2 14 2 . 2 3 4 Drop 14 | . . 5 1 2 1 5 . Fire 170 | . 6 73 20 . 7 39 25 Melee 41 | . . . . . . 17 24 Ram 2 | . . . . . . . 2 Kick . | . . . . . . . . Crush . | . . . . . . . . Escape Stasis . | . . . . . . . . Rewire . | . . . . . . . . Trap . | . . . . . . . . Miscellaneous . | . . . . . . . . Route ------- -11/Scrapyard -10/Materials (discovered 2 exits: *Mat / [*Sub]) -9/Materials -9/Mines (discovered 2 exits: *Mat x2) -8/Materials -7/Factory -6/Factory -5/Factory History --------- Turn | Location | Event 12 | -11/Scrapyard | Discovered new exit (range 16) 171 | -11/Scrapyard | Entered Materials 249 | -10/Materials | Discovered new exit (range 14) 311 | -10/Materials | Build established: Mutant 342 | -10/Materials | Discovered new exit (range 15) 389 | -10/Materials | Entered another Materials area 389 | -9/Materials | Evolved 2 slots: Utility x2 813 | -9/Materials | Identified exit to Mines 1096 | -9/Materials | Core integrity fell below 50% 1135 | -9/Materials | Lost 8 parts (1p2n5w) 1441 | -9/Materials | Entered Mines 1459 | -9/Mines | Core integrity fell below 20% 1479 | -9/Mines | Build established: Scavenger-Mutant 1554 | -9/Mines | Assisted by bots powering up and referring to "LRC-V3" 1669 | -9/Mines | Assembled infested the area 1682 | -9/Mines | Discovered new exit (range 10) 1706 | -9/Mines | Learned location of Storage (-7) 1722 | -9/Mines | Lost 3 allies 1738 | -9/Mines | Discovered new exit (range 11) 1750 | -9/Mines | Destroyed 8 combat bots 1805 | -9/Mines | Entered Materials 1805 | -8/Materials | Evolved 2 slots: Propulsion x2 1903 | -8/Materials | Discovered new exit (range 17) 1922 | -8/Materials | Entered Factory 1922 | -7/Factory | Evolved 2 slots: Utility x2 1980 | -7/Factory | Discovered new exit (range 18) 2049 | -7/Factory | Core integrity fell below 50% 2053 | -7/Factory | Core integrity fell below 20% 2081 | -7/Factory | Lost 10 parts (1p4n4u1w) 2097 | -7/Factory | Entered another Factory area 2097 | -6/Factory | Evolved 2 slots: Utility x2 2324 | -6/Factory | Build established: Mutant 2872 | -6/Factory | Lost 7 parts (1p1n3u2w) 3241 | -6/Factory | Discovered new exit (range 9) 3248 | -6/Factory | Entered another Factory area 3248 | -5/Factory | Evolved 2 slots: Power x1, Utility x1 3500 | -5/Factory | Spotted B-75 Beast 3511 | -5/Factory | Garrison activated, responded to threat 3628 | -5/Factory | Lost 5 parts (1p2n2u) 3687 | -5/Factory | Lost 5 parts (1p1n1u2w) 3728 | -5/Factory | Core integrity fell below 50% 3763 | -5/Factory | Core integrity fell below 20% 3780 | -5/Factory | Destroyed by P-70 Sage via exploding Neutrino Reactor Last Messages --------------- 03670_ Sneak attack on R-10 Processor. 03670_ R-10 Processor Imp. Ion Engine severed. 03671_ R-10 Processor collects Imp. Ion Engine. 03673_ R-10 Processor Field Recycling Unit severed. 03674_ R-10 Processor collects Field Recycling Unit. 03674_ K-01 Serf collects debris. 03675_ Acquired 5 matter. 03678_ K-01 Serf collects debris. 03688_ Destroyed Com. Wheel. 03700_ Acquired Prototype Energy Cannon. 03701_ Identified Hvy. Proton Cannon. 03707_ System corrupted: Energy discharge (-21). 03723_ Katana destroyed. 03732_ Slammed into P-70 Sage. 03753_ System corrupted: Imp. Heat Sink rejected. 03758_ Slug penetrates Wall. 03764_ Knocked back. 03765_ Acquired 3 matter. 03780_ Neutrino Reactor explodes. 03780_ Emergency Access malfunctions. Map ----- +----------------------------------------------------+ | ???????????# """" """" # # """"#?????#### | | ??????????????""" """" ####### #????????? | | ???????????????"" """" #?????###########????????? | | ???????????????? #????????????????????????? | | ???????????????? ! #????????????????????????? | | #####???####????#########????????????????????????? | | ???# ?????????????????????????????????????? | | #??# """""?????????????????????????????????? | | #??# """"""???????##???????????????????????? | | #??# """"""??????? #???????????????????????? | | ! #??# """"????????? #???????????????????????? | | #??# ??????#### ####????????????????????? | | #####???# ???????# ###+######???????????? | | ##########"#######+## ????????????? | | % ???????????? | | ! ???????????? | | ??????????? | | #################""## ???????????? | | ????????????????##### ######???????????????? | | ??????????????????###;##+#######?????????????????? | | ??????????????????# #?????????????????? | | ??????????????????# H #?????????????????? | | ??????????????????# p ###???????????????? | | ??????????????????# / #???????????????? | | ??????????????????# p #?????????????????? | | ??????????????????# @ #?????????????????? | | ??????????????????# #?????????????????? | | ??????????????????# #?????????????????? | | ??????????????????# #?????????????????? | | ??????????????????# #?????????????????? | | ??????????????????# ! #?????????????????? | | ??????????????????# #?????????????????? | | ??????????????????##############?????????????????? | | ?????????????????????????????????????????????????? | | ?????????????????????????????????????????????????? | | ?????????????????????????????????????????????????? | | ?????????????????????????????????????????????????? | | ?????????????????????????????????????????????????? | | ?????????????????????????????????????????????????? | | ?????????????????????????????????????????????????? | | ?????????????????????????????????????????????????? | | ?????????????????????????????????????????????????? | | ?????????????????????????????????????????????????? | | ?????????????????????????????????????????????????? | | ?????????????????????????????????????????????????? | | ?????????????????????????????????????????????????? | | ?????????????????????????????????????????????????? | | ?????????????????????????????????????????????????? | | ?????????????????????????????????????????????????? | | ?????????????????????????????????????????????????? | +----------------------------------------------------+ Best States ------------- Heat Dissipation 54 Energy Generation 28 Energy Capacity 310 Matter Stores 300 Matter Capacity 300 Sight Range 18 Terrain Scan Density 10 Additional Mass Support 6 Armor Coverage 150 Evasion (%) 64 Targeting Accuracy 6 Target Analysis 6 Core Analysis 9 Energy Filtering 30 Item Schematics ----------------- None Robot Schematics ------------------ None Fabricated ------------ Nothing Repaired ---------- Nothing Studied --------- Shotgun | -9/Materials | Hacked Alien Tech Used ----------------- None Achievements -------------- None Challenges ------------ None Game ------ Seed AntisysBiocellDetector Manual? 0 Play Time 00:42:39 Cumulative 22.3 hours Start 2026.01.14 @ 21:45:59 End 2026.01.14 @ 22:28:24 Sessions 1 Manual Loads 0 Difficulty Rogue Special Mode None Game No. 56 Rogue 56 Adventurer 0 Explorer 0 Win Type - Total 0 Types 0/0/0/0/0/0/0/0/0/0 Lore% 13 Gallery% 22 Achievement% 16 Wizard Run 0 Options --------- Layout 0 ASCII 0 Keyboard 0 Movement Arrows Keybinds 0 Fullscreen 1 Font 18/SmallcapsGlow Map View 76x50 Zoom Use 0% Tactical HUD 1 Map Filters NONE Filters NONE Steam 1 RUN: d6c8552f-a45a-4ab3-a96a-b388a352149a